 Dungeon Crawl Stone Soup version 0.30-a0-948-g4fa250aae5 (webtiles) character file.

Game seed: 6543890625384699664

116 Akorn the Magician (level 5, -4/35 HPs)
             Began as a Djinni Conjurer on Mar 26, 2023.
             Slain by a goblin
             ... wielding a +0 dagger
             ... led by Robin
              (6 damage)
             ... on level 3 of the Dungeon.
             The game lasted 00:03:13 (1693 turns).

Akorn the Magician (Djinni Conjurer)                Turns: 1693, Time: 00:03:14

Health: -4/35      AC:  2    Str:  6    XL:     5   Next: 20%
Gold:   97         EV: 12    Int: 21    God:
                   SH:  0    Dex: 12

rFire   + + .      SeeInvis .    c - +2 dagger (holy)
rCold   x . .      Faith    .    (no shield)
rNeg    . . .      Spirit   .    a - +0 robe
rPois   ∞          Reflect  .    (no helmet)
rElec   .          Rampage  .    (no cloak)
rCorr   .                        (no gloves)
Will    .....                    (boots unavailable)
Stlth   ++                       (no amulet)
HPRegen 0.25/turn                (no ring)
MPRegen 0.00/turn                (no ring)

@: attractive, flying
A: sickness immunity, fire resistance 2, cold vulnerability 1, float, innate
caster, HP casting, extra vitality 1
a: no special abilities


You were on level 3 of the Dungeon.
You visited 1 branch of the dungeon, and saw 3 of its levels.

You collected 97 gold pieces.

Inventory:

Hand Weapons
 c - a +2 dagger of holy wrath (weapon)
Armour
 a - a +0 robe (worn)
Jewellery
 b - a ring of resist corrosion
Scrolls
 e - 2 scrolls of teleportation {unknown}
 f - a scroll of immolation {unknown}
 g - 4 scrolls of identify {unknown}
 i - 2 scrolls of fear {unknown}
Potions
 j - a potion of brilliance {unknown}
 k - a potion of curing {unknown}


   Skills:
 - Level 2.1 Dodging
 - Level 1.5 Stealth
 + Level 4.8 Spellcasting


You knew the following spells:

 Your Spells              Type           Power      Damage    Failure   Level
a - Magic Dart            Conj           100%       1d8       1%          1
b - Searing Ray           Conj           50%        2d6       2%          2
c - Dazzling Flash        Conj/Hex       50%        N/A       4%          3
d - Fulminant Prism       Conj/Hex       12%        3d8       14%         4
e - Iskenderun's Mystic   Conj/Tloc      25%        2d7       14%         4
f - Freeze                Ice            100%       1d10      1%          1
g - Momentum Strike       Conj/Tloc      50%        3d9       2%          2
Your spell library was empty.

Dungeon Overview and Level Annotations

Branches:
Dungeon (3/15)

Altars:

Annotations:
D:3 Jessica


Innate Abilities, Weirdness & Mutations

You are immune to sickness and miasma.
You are immune to poison.
Your flesh is very heat resistant. (rF++)
You are vulnerable to cold. (rC-)
You float through the air rather than walking.
You learn spells naturally, not from books.
Your magical power is your life essence.
You have superior vitality. (+4 MHP)


Message History

Unknown command.
Unknown command.
Casting: Searing Ray (safe; 2% risk of failure)
Confirm with . or Enter, or press ? or * to list all spells.
Restarting spell: Searing Ray (safe; 2% risk of failure)
Press: ? - help, Shift-Dir - straight line, f - Robin
Aim: Robin, wielding a +0 trident, wearing a +0 animal skin, wearing a +0 helmet and carrying a wand of flame (15) (85% to hit)
The searing ray hits the goblin!
You kill the goblin!
The searing ray hits the goblin.
You kill the goblin!
The searing ray hits Robin!
Robin is heavily wounded. (Press . to maintain the ray.)
* * * LOW HITPOINT WARNING * * *
Robin throws the goblin at you!
The searing ray hits the hobgoblin!
You kill the hobgoblin!
The searing ray hits Robin.
Robin is almost dead.
* * * LOW HITPOINT WARNING * * *
The goblin closely misses you.
Robin roars a battlecry!
The goblin goes into a battle-frenzy!
Unknown command.
The searing ray hits Robin!
You kill Robin!
* * * LOW HITPOINT WARNING * * *
The goblin hits you with a +0 club.
* * * LOW HITPOINT WARNING * * *
Unknown command.
Unknown command.
It was a potion of attraction.
You feel attractive to monsters. The goblin misses you.
The goblin is attracted toward you. x2
Unknown command.
It was a potion of cancellation.
Your magical effects are unravelling.
You feel magically purged. The goblin hits you with a +0 dagger.
You die...

......†..........#........#
################.#.g......#
#.#.g......# #.#........#
###.##g.....##
#....g......# #.#.........#
#.####§.....# #..#
#.g@gg.....## #..#
##########.# #..# .# #..#
.# #..# #.†# #..# #..#
#..################


You could see 3 goblins.

Vanquished Creatures
  Robin (D:3)
  An adder (D:3)
  4 gnolls (D:2)
  A dart slug (D:1)
  3 bats
  5 endoplasms
  2 giant cockroaches
  10 goblins
  5 hobgoblins
  3 jackals (D:3)
  A kobold (D:1)
  3 quokkas (D:2)
  3 ball pythons
  2 frilled lizards
  8 rats
52 creatures vanquished.

Notes
Turn   | Place    | Note
-------+----------+-------------------------------------------
     0 | D:1      | Akorn the Djinni Conjurer began the quest for the Orb.
     0 | D:1      | Akorn set off with the following spells memorised: Magic
                  | Dart, Searing Ray, Dazzling Flash, Fulminant Prism,
                  | Iskenderun's Mystic Blast.
     0 | D:1      | Reached XP level 1. HP: 15/15 MP: 0/0
   170 | D:1      | Reached XP level 2. HP: 18/21 MP: 0/0
   423 | D:1      | Reached XP level 3. HP: 17/25 MP: 0/0
   423 | D:1      | Learned a level 1 spell: Freeze
   741 | D:2      | Reached skill level 4 in Spellcasting
   931 | D:2      | Noticed an ogre
  1135 | D:2      | Reached XP level 4. HP: 21/31 MP: 0/0
  1666 | D:3      | Noticed Robin
  1669 | D:3      | Noticed Jessica
  1687 | D:3      | Reached XP level 5. HP: 14/35 MP: 0/0
  1687 | D:3      | Learned a level 2 spell: Momentum Strike
  1691 | D:3      | Killed Robin
  1693 | D:3      | Slain by a goblin

Illustrated notes

Levels and vault maps discovered:
D:1:      amcnicky_arrival_abandoned_market, layout_basic
D:2:      layout_basic, lightli_corner_chamber
D:3:      layout_basic, st_stairs_7, uniq_sigmund, uniq_crazy_yiuf_cottage,
          uniq_jessica, uniq_robin

Skill      XL: |  1  2  3 |
---------------+----------+-----
Spellcasting   | 4 |  4.8
Dodging        | |  2.1
Stealth        | |  1.5

Action                     |  1- 3 |  4- 6 || total
---------------------------+-------+-------++-------
   Cast: Magic Dart        |    56 |    15 ||    71
         Searing Ray       |     1 |    10 ||    11
    Use: Potion            |       |     2 ||     2
 Armour: Robe              |       |     2 ||     2
  Dodge: Dodged            |     3 |    16 ||    19

Table legend: (Time is in decaauts)
 A = Elapsed time spent in this place.
 B = Non-inter-level travel time spent in this place.
 C = Inter-level travel time spent in this place.
 D = Time resting spent in this place.
 E = Time spent auto-exploring this place.
 F = Levels seen in this place.
 G = Mean time per level.
                   A        B        C        D        E       F      G
               +--------+--------+--------+--------+--------+-----+--------+
         Total |   1692 |   1627 |     65 |      0 |   1432 |   3 |  564.0 |
       Dungeon |   1692 |   1627 |     65 |      0 |   1432 |   3 |  564.0 |
               +--------+--------+--------+--------+--------+-----+--------+

Top non-repeatable levels by time:
     D:2: 779 daAuts
     D:1: 721 daAuts
     D:3: 190 daAuts
